 Dungeon Crawl Stone Soup version 0.17-a0-1831-gaadb308 (webtiles) character file.

2454 Kidiri the Covered (level 9, 0/54 HPs)
             Began as a Gargoyle Fighter on Sept 14, 2015.
             Slain by an orc warrior
             ... wielding a +0 trident
              (6 damage)
             ... on level 7 of the Dungeon.
             The game lasted 00:43:20 (7380 turns).

Kidiri the Covered (Gargoyle Fighter)               Turns: 7380, Time: 00:43:20

Health: 0/54       AC: 24    Str: 29    XL:     9   Next: 50%
Magic:  10/10      EV:  7    Int: 10    God:
Gold:   35         SH: 12    Dex: 13    Spells: 0 memorised, 8 levels left

rFire  . . .     SeeInvis .     y - +6 morningstar (crush)
rCold  + . .     Clarity  .     B - +0 plate armour
rNeg   + . .     SustAt   +     c - +0 shield
rPois  ∞         Gourm    .     (no helmet)
rElec  +         Spirit   .     x - +1 cloak
rCorr  .         Warding  .     (no gloves)
rMut   .         Stasis   .     v - +0 pair of boots
MR     .....                    a - amulet of rage
Stlth  ..........               (no ring)
                                i - ring of sustain attributes

@: mighty, slowed, very slow, not resistant to hostile enchantments, extremely
unstealthy
A: slimy green scales 1, thin skeletal structure 1, agile 1, cold resistance 1,
negative energy resistance 1, screaming 1, electricity resistance, spit poison
1, strong 1, wild magic 1, unbreathing, evolution 1, petrification resistance,
rot immunity, AC +5
a: Spit Poison, Evoke Berserk Rage


You were on level 7 of the Dungeon.
You were not hungry.

You visited 2 branches of the dungeon, and saw 8 of its levels.

You collected 195 gold pieces.
You spent 160 gold pieces at shops.

Inventory:

Hand weapons
 y - a +6 morningstar of crushing (weapon)
Armour
 c - a +0 shield (worn)
 v - a +0 pair of boots (worn)
 x - a +1 cloak (worn)
 B - a +0 plate armour (worn)
Jewellery
 a - an amulet of rage (around neck)
 i - a ring of sustain attributes (left hand)
 w - an uncursed amulet of resist corrosion
Magical devices
 d - a wand of flame (37)
 g - a wand of heal wounds (0)
 s - a wand of frost (15)
Scrolls
 b - a scroll of immolation
 f - 2 scrolls of remove curse
 n - 2 scrolls of fear
 o - 3 scrolls of amnesia
 q - a scroll of fog
 A - a scroll of teleportation
 D - a scroll of magic mapping
Potions
 k - a potion of agility
 m - a potion of might
 r - a potion of lignification
 t - a potion of haste
 z - a potion of flight
Comestibles
 e - 8 bread rations
 h - 5 slices of pizza
 j - a royal jelly
 l - 4 beef jerkies
 u - 7 fruits


   Skills:
 + Level 5.6 Fighting
 * Level 6.5 Maces & Flails
 * Level 7.6 Armour
 + Level 3.2 Dodging
 * Level 7.6 Shields
 + Level 1.6 Evocations


You had 8 spell levels left.
You didn't know any spells.

Dungeon Overview and Level Annotations

Branches:
Dungeon (7/15)             Temple (1/1) D:5

Altars:
Ashenzari
Cheibriados
Dithmenos
Elyvilon
Fedhas
Gozag
Kikubaaqudgha
Makhleb
Qazlal
Ru
Sif Muna
Trog
Vehumet
Xom
Yredelemnul
Zin
The Shining One

Shops:
D:6 (   D:7 ?


Innate Abilities, Weirdness & Mutations

You are resistant to torment.
Your stone body is resilient (AC +5).
You are immune to poison.
You resist negative energy.
You are resistant to electric shocks.
You can survive without breathing.
You are immune to petrification.
You are immune to rotting.
You are partially covered in slimy green scales (AC +2).
You have a somewhat thin skeletal structure (Dex +2, Stealth).
You are agile. (Dex +2)
Your flesh is cold resistant.
You occasionally shout uncontrollably at your foes.
You can spit weak poison.
Your muscles are strong. (Str +2)
Your spells are a little harder to cast, but a little more powerful.
You evolve.


Message History

You barely miss the orc.
The orc warrior hits you but does no damage.
You block the orc's attack.
The orc warrior hits you from afar with a trident!
* * * LOW HITPOINT WARNING * * *
Unknown command.
You impale the orc!!
You kill the orc!
You block the quokka skeleton's attack. You block the orc warrior's attack.
The quokka skeleton bites you but does no damage.
You bludgeon the crimson imp!!
You kill the crimson imp!
You block the orc warrior's attack. You block the quokka skeleton's attack.
The orc warrior hits you from afar with a trident.
* * * LOW HITPOINT WARNING * * *
The quokka skeleton barely misses you.
Unknown command.
You block the quokka skeleton's attack.
The orc warrior hits you with a trident.
You die...

..... .. .....#
#.# ....
.....)####.# #....
r.......##.# .....
..../.#.##.##)....
................#
........o..#..#
#@#....# #(Z.$.>#
#####..# #_#..##
#'#...##.# ###
###........# ..#
#...##.##..# #.#
#.#.# ....... #.#
#.#.# .#..#..


You could see an orc warrior, a quokka (wandering) and a quokka skeleton.

Vanquished Creatures
  Prince Ribbit (D:6)
  Sigmund (D:2)
  Eustachio (Temple)
  A spriggan (D:7)
  Duvessa (D:5)
  A sky beast (D:7)
  A phantom (D:5)
  The ghost of 4thArraOfDagon the Gusty, an average CeAE of Okawaru (D:6)
  2 centaurs
  A giant frog (D:7)
  A big kobold (D:7)
  Dowan (D:5)
  A scorpion (D:5)
  A jelly (D:7)
  2 hounds
  A giant frog zombie (D:5)
  2 crimson imps
  2 iguanas
  4 orc priests
  Jessica (D:2)
  A giant frog skeleton (D:5)
  4 worker ants
  Natasha (thrice) (D:2)
  6 orc wizards
  A hound zombie (D:7)
  2 hound skeletons (D:7)
  6 gnolls
  5 adders
  3 shadow imps
  6 worms
  24 orcs
  2 ball pythons
  3 giant cockroaches
  6 hobgoblins
  8 kobolds
  7 quokkas
  8 bats
  6 giant geckos
  A giant gecko zombie (D:6)
  7 giant newts
  9 goblins
  7 jackals
  A quokka skeleton (D:4)
  29 rats
182 creatures vanquished.

Notes
Turn   | Place    | Note
--------------------------------------------------------------
     0 | D:1      | Kidiri the Gargoyle Fighter began the quest for the Orb.
     0 | D:1      | Reached XP level 1. HP: 14/14 MP: 1/1
    86 | D:1      | Reached XP level 2. HP: 14/19 MP: 2/2
   622 | D:1      | Reached XP level 3. HP: 21/23 MP: 3/3
   986 | D:2      | Noticed Natasha
  1005 | D:2      | Killed Natasha
  1005 | D:2      | Reached skill level 4 in Armour
  1005 | D:2      | Reached XP level 4. HP: 28/28 MP: 4/4
  1010 | D:2      | Noticed Natasha
  1020 | D:2      | Killed Natasha
  1238 | D:2      | Noticed Natasha
  1251 | D:2      | Killed Natasha
  1263 | D:2      | Reached XP level 5. HP: 17/32 MP: 5/5
  1473 | D:2      | Noticed Jessica
  1483 | D:2      | Killed Jessica
  1483 | D:2      | Reached skill level 1 in Dodging
  1688 | D:2      | Noticed Sigmund
  1766 | D:2      | Killed Sigmund
  1766 | D:2      | Reached skill level 5 in Armour
  1766 | D:2      | Reached XP level 6. HP: 27/38 MP: 6/6
  2366 | D:3      | Found a bloodstained altar of Trog.
  2549 | D:3      | Reached skill level 5 in Shields
  2610 | D:3      | Reached XP level 7. HP: 16/43 MP: 7/7
  3012 | D:3      | Found a glowing golden altar of the Shining One.
  3012 | D:3      | Found a snail-covered altar of Cheibriados.
  4296 | D:4      | Gained mutation: You evolve. [potion of mutation]
  4296 | D:4      | Gained mutation: You have a somewhat thin skeletal structure (Dex +2, Stealth). [potion of mutation]
  4296 | D:4      | Gained mutation: You are dopey. (Int -2) [potion of mutation]
  4393 | D:4      | Gained mutation: Your muscles are strong. (Str +2) [evolution]
  4476 | D:5      | Entered Level 5 of the Dungeon
  4656 | D:5      | Reached XP level 8. HP: 42/48 MP: 8/8
  4680 | D:5      | Found a staircase to the Ecumenical Temple.
  4691 | Temple   | Entered the Ecumenical Temple
  4787 | D:5      | Reached skill level 6 in Armour
  4789 | D:5      | Noticed Eustachio
  4790 | D:5      | Noticed Duvessa
  4795 | D:5      | Noticed Dowan
  5004 | Temple   | Killed Eustachio
  5004 | Temple   | Reached skill level 5 in Maces & Flails
  5093 | D:5      | Killed Duvessa
  5106 | D:5      | Lost mutation: You are dopey. (Int -2) [evolution]
  5107 | D:5      | Killed Dowan
  5127 | D:5      | Reached skill level 5 in Fighting
  5372 | D:5      | Found a shattered altar of Ashenzari.
  5900 | D:6      | Noticed 4thArraOfDagon's ghost (average CeAE)
  5951 | D:6      | Killed 4thArraOfDagon's ghost
  6137 | D:6      | Found Aqonol's Antique Weapon Boutique.
  6152 | D:6      | Bought a runed morningstar for 108 gold pieces
  6326 | D:6      | Noticed Prince Ribbit
  6353 | D:6      | Killed Prince Ribbit
  6353 | D:6      | Reached skill level 7 in Armour
  6353 | D:6      | Reached skill level 1 in Evocations
  6353 | D:6      | Reached XP level 9. HP: 46/54 MP: 9/9
  6386 | D:6      | Gained mutation: You are agile. (Dex +2) [evolution]
  6419 | D:6      | Found a burning altar of Makhleb.
  7082 | D:7      | Found Uwkiss's Magic Scroll Shop.
  7107 | D:7      | Gained mutation: You can spit weak poison. [mutagenic meat]
  7108 | D:7      | Gained mutation: Your spells are a little harder to cast, but a little more powerful. [mutagenic meat]
  7109 | D:7      | Gained mutation: You are partially covered in slimy green scales (AC +2). [mutagenic meat]
  7110 | D:7      | Gained mutation: Your flesh is cold resistant. [mutagenic meat]
  7111 | D:7      | Gained mutation: You occasionally shout uncontrollably at your foes. [mutagenic meat]
  7134 | D:7      | Bought a scroll of magic mapping for 52 gold pieces
  7319 | D:7      | Found a shimmering altar of Xom.
  7380 | D:7      | Slain by an orc warrior

Vault maps used:
D:1:      erik_arrival_orb_chamber, nrook_mini_backslash
D:2:      kennysheep_six_static_rooms, uniq_sigmund, uniq_jessica, uniq_natasha
D:3:      old_standard_altar, gammafunk_temple_overflow_elements
D:5:      ashenzari_altar_1, minmay_temple_entry_statues_pillars, first_bread,
          uniq_eustachio, uniq_duvessa
D:6:      basic_altar, serial_shops, nicolae_shop_statue_plus,
          minmay_misc_feat_tiny, serial_bayou_pond_e, grunt_decor_clamped,
          uniq_prince_ribbit1
D:7:      overflow_temple_1_default, kennysheep_mini, serial_shops,
          shop_fountains, shop, shop, shop, nicolae_shop_crystal, the_bakery
Temple:   circular_temple_12

Action                   |  1- 3 |  4- 6 |  7- 9 || total
-------------------------+-------+-------+-------++-------
Melee: Flail             |    90 |     9 |   205 ||   304
       Club              |    57 |    22 |       ||    79
       Dagger            |    31 |    34 |       ||    65
       Whip              |       |    73 |       ||    73
       Mace              |       |   168 |   212 ||   380
       Morningstar       |       |       |   113 ||   113
 Abil: Evoke Berserk Rag |       |       |     1 ||     1
  Use: Scroll            |     3 |     1 |    11 ||    15
       Potion            |       |     4 |     6 ||    10
  Eat: Chunk             |     1 |     4 |    16 ||    21
       Pizza             |       |     1 |       ||     1
       Meat ration       |       |       |     2 ||     2
